Wild vs BlackHawks

Created - December 8 2010 at 18:03

Goals
1 2 3 T
Wild 1 1 1 3
BlackHawks 0 0 1 1
Shots
1 2 3 T
Wild 8 10 6 24
BlackHawks 9 10 9 28

Period #1

1. Wild , Rob Niedermayer 5 (Brian Willsie, Stephane Yelle) at 12:18

Penalties :
Hal Gill (CHI) for Roughing (Minor) at 6:05, Artem Anisimov (CHI) for Interference (Minor) at 12:35, Chris Neil (CHI) for Hooking (Minor) at 17:10

Period #2

2. Wild , Michal Rozsival 5 (Martin St. Louis, Joe Pavelski) at 12:21 (PP)

Penalties :
Kris Russell (CHI) for Tripping (Minor) at 1:36, Zenon Konopka (CHI) for Hooking (Minor) at 10:33, Chris Neil (CHI) for Interference (Minor) at 12:51, Stephane Yelle (MIN) for Tripping (Minor) at 17:08

Period #3

3. BlackHawks , Ron Hainsey 5 (Patrik Berglund, Paul Kariya) at 4:33 (PP)
4. Wild , Martin St. Louis 16 (Ryan Whitney, Robert Lang) at 18:54

Penalties :
Stephane Yelle (MIN) for Hooking (Minor) at 0:49, Jan Hejda (MIN) for Holding (Minor) at 1:08, Daniel Alfredsson (MIN) for Roughing (Minor) at 3:13, Aaron Ward (MIN) for Hooking (Minor) at 16:10

Goalie Stats

Ilya Bryzgalov (MIN), 27 saves from 28 shots - (0.964), W, 15-12-2, 60:00 minutes
Cristobal Huet (CHI), 21 saves from 24 shots - (0.875), L, 9-16-2, 60:00 minutes

Players Stats

Wild
Player Name              G  A  P  +/- PIM S  H  SB FO    MP 
------------------------------------------------------------
Aaron Ward               0  0  0   1  2   0  1  0  0/0   14 
Brian Willsie            0  1  1   2  0   2  0  0  0/1   15 
Chris Drury              0  0  0   0  0   0  0  0  13/17 16 
Christopher Higgins      0  0  0   0  0   5  2  2  2/3   20 
Daniel Alfredsson        0  0  0   0  2   2  2  0  0/1   21 
Freddy Meyer             0  0  0   1  0   0  1  0  0/0   19 
Greg Zanon               0  0  0   0  0   0  1  1  0/0   22 
Jan Hejda                0  0  0   0  2   1  2  2  0/0   21 
Jay Leach                0  0  0   0  0   0  0  0  0/0   0  
Joe Pavelski             0  1  1   0  0   3  0  1  17/24 20 
Martin St. Louis         1  1  2   1  0   3  0  1  1/2   20 
Michal Rozsival          1  0  1   1  0   1  2  1  0/0   20 
Milan Hejduk             0  0  0   0  0   3  0  0  0/0   16 
Olli Jokinen             0  0  0   0  0   0  0  0  5/9   8  
Rob Niedermayer          1  0  1   1  0   1  1  1  9/16  18 
Robert Lang              0  1  1   1  0   1  0  0  1/2   6  
Ryan Whitney             0  1  1   1  0   0  0  1  0/0   21 
Stephane Yelle           0  1  1   1  4   2  0  0  2/3   14 
BlackHawks
Player Name              G  A  P  +/- PIM S  H  SB FO    MP 
------------------------------------------------------------
Adam Foote               0  0  0   0  0   0  3  0  0/0   21 
Ales Hemsky              0  0  0   0  0   5  1  0  6/9   19 
Artem Anisimov           0  0  0   0  2   3  0  0  5/18  13 
Chris Neil               0  0  0   0  4   3  3  0  0/1   16 
Cory Stillman            0  0  0  -1  0   2  0  0  0/4   15 
David Booth              0  0  0  -1  0   1  1  0  0/1   17 
Hal Gill                 0  0  0  -1  2   2  2  0  0/0   20 
Josh Bailey              0  0  0  -1  0   3  0  0  1/2   18 
Kris Russell             0  0  0   0  2   0  1  0  0/0   14 
Matt DAgostini           0  0  0   0  0   0  0  0  0/0   7  
Mattias Ohlund           0  0  0   0  0   2  0  1  0/0   23 
Patrik Berglund          0  1  1  -1  0   0  0  0  6/19  15 
Paul Kariya              0  1  1   0  0   2  1  0  2/7   20 
Ron Hainsey              1  0  1  -2  0   2  0  1  0/0   21 
Tobias Enstrom           0  0  0  -1  0   1  0  0  0/0   18 
Tyler Kennedy            0  0  0  -2  0   2  1  1  1/1   12 
Wayne Primeau            0  0  0   0  0   0  0  1  6/12  14 
Zenon Konopka            0  0  0   0  2   0  1  0  1/4   4  

3 Stars

1 - Ilya Bryzgalov (MIN)
2 - Martin St. Louis (MIN)
3 - Michal Rozsival (MIN)

Power Play

Wild - 1 on 6 Attempt(s) - 16.67%
BlackHawks - 1 on 5 Attempt(s) - 20.00%

Penalty Kill

Wild - 4 on 5 Attempt(s) - 80.00% - Score 0 goal in Penalty Kill
BlackHawks - 5 on 6 Attempt(s) - 83.33% - Score 0 goal in Penalty Kill

Game Notes

No Game Note

Finance

Level 1 -- Attendance: 5999 (92.29%) -- Ticket Income $509,915.00
Level 2 -- Attendance: 4172 (83.44%) -- Ticket Income $229,460.00
Level 3 -- Attendance: 3489 (99.69%) -- Ticket Income $104,670.00
Level 4 -- Attendance: 2699 (59.98%) -- Ticket Income $53,980.00
Luxury Box -- Attendance: 1000 (100.00%) -- Ticket Income $175,000.00
Game was played at the United Center
Total Attendance: 17359 (84.68%)
Total Ticket Income: $1,132,658.00
Other Income: $198,915.60
Total Income: $1,331,574.00


Play by Play

Period #1

0:01 of 1st period - Artem Anisimov wins face-off versus Martin St. Louis in neutral zone.
0:08 of 1st period - Shot by Paul Kariya.
0:08 of 1st period - Shot Misses the Net.
0:15 of 1st period - Artem Anisimov is hit by Jan Hejda and loses puck.
1:06 of 1st period - Shot by Patrik Berglund.
1:06 of 1st period - Shot Misses the Net.
1:25 of 1st period - Tyler Kennedy is hit by Jan Hejda and loses puck.
2:13 of 1st period - Josh Bailey is hit by Greg Zanon.
2:17 of 1st period - Shot by Kris Russell.
2:17 of 1st period - Shot Blocked by Martin St. Louis.
2:19 of 1st period - Shot by Josh Bailey.
2:19 of 1st period - Deflect By Wayne Primeau.
2:19 of 1st period - Shot Blocked by Greg Zanon.
2:23 of 1st period - Shot by Josh Bailey.
2:23 of 1st period - Stopped by Ilya Bryzgalov without a rebound.
2:24 of 1st period - Zenon Konopka wins face-off versus Joe Pavelski in Wild zone.
2:45 of 1st period - Shot by Milan Hejduk.
2:45 of 1st period - Shot Misses the Net.
2:59 of 1st period - Shot by Joe Pavelski.
2:59 of 1st period - Stopped by Cristobal Huet without a rebound.
3:00 of 1st period - Josh Bailey wins face-off versus Stephane Yelle in BlackHawks zone.
4:11 of 1st period - Shot by Christopher Higgins.
4:11 of 1st period - Stopped by Cristobal Huet with a rebound.
4:13 of 1st period - Shot by Christopher Higgins.
4:13 of 1st period - Stopped by Cristobal Huet without a rebound.
4:14 of 1st period - Joe Pavelski wins face-off versus Artem Anisimov in BlackHawks zone.
4:15 of 1st period - Shot by Milan Hejduk.
4:15 of 1st period - Shot Blocked by Mattias Ohlund.
4:18 of 1st period - Icing by Adam Foote.
4:19 of 1st period - Joe Pavelski wins face-off versus Artem Anisimov in BlackHawks zone.
4:31 of 1st period - Icing by Ales Hemsky.
4:32 of 1st period - Joe Pavelski wins face-off versus Artem Anisimov in BlackHawks zone.
4:46 of 1st period - Shot by Ales Hemsky.
4:46 of 1st period - Shot Blocked by Michal Rozsival.
4:48 of 1st period - Shot by Paul Kariya.
4:48 of 1st period - Shot Misses the Net.
6:05 of 1st period - Minor Penalty to Hal Gill for Roughing.
6:06 of 1st period - Olli Jokinen wins face-off versus Paul Kariya in BlackHawks zone.
6:25 of 1st period - Shot by Robert Lang.
6:25 of 1st period - Stopped by Cristobal Huet without a rebound.
6:26 of 1st period - Robert Lang wins face-off versus Ales Hemsky in BlackHawks zone.
9:18 of 1st period - Icing by Christopher Higgins.
9:19 of 1st period - Tyler Kennedy wins face-off versus Christopher Higgins in Wild zone.
9:44 of 1st period - Shot by Daniel Alfredsson.
9:44 of 1st period - Shot Misses the Net.
9:46 of 1st period - Shot by Greg Zanon.
9:46 of 1st period - Shot Misses the Net.
9:48 of 1st period - Shot by Daniel Alfredsson.
9:48 of 1st period - Stopped by Cristobal Huet without a rebound.
9:49 of 1st period - Artem Anisimov wins face-off versus Rob Niedermayer in BlackHawks zone.
10:07 of 1st period - Icing by Freddy Meyer.
10:08 of 1st period - Wayne Primeau wins face-off versus Rob Niedermayer in Wild zone.
10:30 of 1st period - Shot by Tobias Enstrom.
10:30 of 1st period - Stopped by Ilya Bryzgalov without a rebound.
10:31 of 1st period - Chris Drury wins face-off versus Patrik Berglund in Wild zone.
10:58 of 1st period - Shot by David Booth.
10:58 of 1st period - Stopped by Ilya Bryzgalov without a rebound.
10:59 of 1st period - Joe Pavelski wins face-off versus Artem Anisimov in Wild zone.
10:59 of 1st period - Joe Pavelski is hit by Ales Hemsky.
11:17 of 1st period - Shot by Joe Pavelski.
11:17 of 1st period - Deflect By Milan Hejduk.
11:17 of 1st period - Stopped by Cristobal Huet without a rebound.
11:18 of 1st period - Joe Pavelski wins face-off versus Wayne Primeau in BlackHawks zone.
11:21 of 1st period - Shot by Martin St. Louis.
11:21 of 1st period - Shot Misses the Net.
11:45 of 1st period - Shot by Wayne Primeau.
11:45 of 1st period - Shot Blocked by Joe Pavelski.
11:49 of 1st period - Shot by Chris Neil.
11:49 of 1st period - Stopped by Ilya Bryzgalov with a rebound.
11:51 of 1st period - Shot by Wayne Primeau.
11:51 of 1st period - Deflect By Chris Neil.
11:51 of 1st period - Stopped by Ilya Bryzgalov with a rebound.
11:53 of 1st period - Shot by Josh Bailey.
11:53 of 1st period - Stopped by Ilya Bryzgalov without a rebound.
11:54 of 1st period - Rob Niedermayer wins face-off versus Patrik Berglund in Wild zone.
12:10 of 1st period - Shot by Rob Niedermayer.
12:10 of 1st period - Deflect By Stephane Yelle.
12:10 of 1st period - Stopped by Cristobal Huet with a rebound.
12:14 of 1st period - Shot by Brian Willsie.
12:14 of 1st period - Shot Blocked by Ron Hainsey.
12:18 of 1st period - Shot by Rob Niedermayer.
12:18 of 1st period - Goal by Rob Niedermayer - Wild : 1 - BlackHawks : 0.
12:19 of 1st period - Ales Hemsky wins face-off versus Joe Pavelski in neutral zone.
12:35 of 1st period - Minor Penalty to Artem Anisimov for Interference.
12:36 of 1st period - Ales Hemsky wins face-off versus Olli Jokinen in BlackHawks zone.
13:50 of 1st period - Icing by Ryan Whitney.
13:51 of 1st period - Joe Pavelski wins face-off versus Josh Bailey in Wild zone.
14:13 of 1st period - Shot by Ales Hemsky.
14:13 of 1st period - Shot Misses the Net.
14:17 of 1st period - Shot by Ales Hemsky.
14:17 of 1st period - Stopped by Ilya Bryzgalov without a rebound.
14:18 of 1st period - Paul Kariya wins face-off versus Olli Jokinen in Wild zone.
14:30 of 1st period - Icing by Daniel Alfredsson.
14:31 of 1st period - Olli Jokinen wins face-off versus Paul Kariya in Wild zone.
14:31 of 1st period - Olli Jokinen is hit by Paul Kariya.
15:38 of 1st period - Icing by Stephane Yelle.
15:39 of 1st period - Rob Niedermayer wins face-off versus Zenon Konopka in Wild zone.
16:18 of 1st period - Icing by Aaron Ward.
16:19 of 1st period - Patrik Berglund wins face-off versus Rob Niedermayer in Wild zone.
16:51 of 1st period - Shot by Tyler Kennedy.
16:51 of 1st period - Stopped by Ilya Bryzgalov without a rebound.
16:52 of 1st period - Wayne Primeau wins face-off versus Joe Pavelski in Wild zone.
16:52 of 1st period - Tobias Enstrom is hit by Michal Rozsival and loses puck.
16:55 of 1st period - Shot by Josh Bailey.
16:55 of 1st period - Stopped by Ilya Bryzgalov without a rebound.
16:56 of 1st period - Wayne Primeau wins face-off versus Joe Pavelski in Wild zone.
17:10 of 1st period - Minor Penalty to Chris Neil for Hooking.
17:11 of 1st period - Olli Jokinen wins face-off versus Ales Hemsky in BlackHawks zone.
17:11 of 1st period - Daniel Alfredsson is hit by Adam Foote and loses puck.
17:28 of 1st period - Shot by Daniel Alfredsson.
17:28 of 1st period - Shot Misses the Net.
17:36 of 1st period - Shot by Daniel Alfredsson.
17:36 of 1st period - Shot Misses the Net.
19:19 of 1st period - Icing by Martin St. Louis.
19:20 of 1st period - Chris Drury wins face-off versus David Booth in Wild zone.
19:20 of 1st period - Chris Drury is hit by Chris Neil.
19:32 of 1st period - Off-side.
19:33 of 1st period - Rob Niedermayer wins face-off versus Patrik Berglund in neutral zone.
19:33 of 1st period - Rob Niedermayer is hit by Tyler Kennedy.
19:36 of 1st period - Aaron Ward is hit by Hal Gill.
19:41 of 1st period - Icing by Ron Hainsey.
19:42 of 1st period - Stephane Yelle wins face-off versus Patrik Berglund in BlackHawks zone.
19:48 of 1st period - Milan Hejduk is hit by Hal Gill and loses puck.

Period #2

0:01 of 2nd period - Artem Anisimov wins face-off versus Chris Drury in neutral zone.
0:16 of 2nd period - Daniel Alfredsson is hit by Adam Foote and loses puck.
0:29 of 2nd period - Shot by Ales Hemsky.
0:29 of 2nd period - Deflect By Paul Kariya.
0:29 of 2nd period - Shot Misses the Net.
0:31 of 2nd period - Shot by Artem Anisimov.
0:31 of 2nd period - Stopped by Ilya Bryzgalov with a rebound.
0:33 of 2nd period - Shot by Adam Foote.
0:33 of 2nd period - Shot Misses the Net.
0:35 of 2nd period - Shot by Paul Kariya.
0:35 of 2nd period - Deflect By Ales Hemsky.
0:35 of 2nd period - Shot Misses the Net.
0:39 of 2nd period - Shot by Artem Anisimov.
0:39 of 2nd period - Shot Misses the Net.
0:53 of 2nd period - Shot by David Booth.
0:53 of 2nd period - Deflect By Tyler Kennedy.
0:53 of 2nd period - Stopped by Ilya Bryzgalov without a rebound.
0:54 of 2nd period - Wayne Primeau wins face-off versus Joe Pavelski in Wild zone.
1:01 of 2nd period - Shot by Josh Bailey.
1:01 of 2nd period - Deflect By Chris Neil.
1:01 of 2nd period - Stopped by Ilya Bryzgalov without a rebound.
1:02 of 2nd period - Rob Niedermayer wins face-off versus Patrik Berglund in Wild zone.
1:15 of 2nd period - Shot by Stephane Yelle.
1:15 of 2nd period - Shot Misses the Net.
1:19 of 2nd period - Shot by Brian Willsie.
1:19 of 2nd period - Stopped by Cristobal Huet with a rebound.
1:21 of 2nd period - Shot by Rob Niedermayer.
1:21 of 2nd period - Shot Blocked by Tyler Kennedy.
1:23 of 2nd period - Shot by Rob Niedermayer.
1:23 of 2nd period - Shot Misses the Net.
1:25 of 2nd period - Shot by Stephane Yelle.
1:25 of 2nd period - Stopped by Cristobal Huet without a rebound.
1:26 of 2nd period - Joe Pavelski wins face-off versus Wayne Primeau in BlackHawks zone.
1:26 of 2nd period - Milan Hejduk is hit by Kris Russell and loses puck.
1:36 of 2nd period - Minor Penalty to Kris Russell for Tripping.
1:37 of 2nd period - Joe Pavelski wins face-off versus Cory Stillman in BlackHawks zone.
1:42 of 2nd period - Shot by Milan Hejduk.
1:42 of 2nd period - Stopped by Cristobal Huet without a rebound.
1:43 of 2nd period - Christopher Higgins wins face-off versus Paul Kariya in BlackHawks zone.
2:12 of 2nd period - Shot by Daniel Alfredsson.
2:12 of 2nd period - Shot Misses the Net.
3:19 of 2nd period - Shot by Jan Hejda.
3:19 of 2nd period - Stopped by Cristobal Huet without a rebound.
3:20 of 2nd period - Olli Jokinen wins face-off versus Paul Kariya in BlackHawks zone.
3:36 of 2nd period - Shot by Christopher Higgins.
3:36 of 2nd period - Stopped by Cristobal Huet without a rebound.
3:37 of 2nd period - Rob Niedermayer wins face-off versus Wayne Primeau in BlackHawks zone.
4:39 of 2nd period - Shot by Cory Stillman.
4:39 of 2nd period - Shot Misses the Net.
4:41 of 2nd period - Shot by Adam Foote.
4:41 of 2nd period - Shot Blocked by Christopher Higgins.
4:45 of 2nd period - Shot by Cory Stillman.
4:45 of 2nd period - Shot Misses the Net.
4:47 of 2nd period - Shot by Mattias Ohlund.
4:47 of 2nd period - Stopped by Ilya Bryzgalov without a rebound.
4:48 of 2nd period - Patrik Berglund wins face-off versus Chris Drury in Wild zone.
5:29 of 2nd period - Icing by Ryan Whitney.
5:30 of 2nd period - Chris Drury wins face-off versus Artem Anisimov in Wild zone.
5:48 of 2nd period - Ales Hemsky is hit by Aaron Ward and loses puck.
5:54 of 2nd period - Ales Hemsky is hit by Freddy Meyer and loses puck.
5:57 of 2nd period - Shot by Artem Anisimov.
5:57 of 2nd period - Stopped by Ilya Bryzgalov without a rebound.
5:58 of 2nd period - Joe Pavelski wins face-off versus Wayne Primeau in Wild zone.
6:18 of 2nd period - Icing by Greg Zanon.
6:19 of 2nd period - Joe Pavelski wins face-off versus Zenon Konopka in Wild zone.
6:36 of 2nd period - Shot by Joe Pavelski.
6:36 of 2nd period - Stopped by Cristobal Huet without a rebound.
6:37 of 2nd period - Patrik Berglund wins face-off versus Rob Niedermayer in BlackHawks zone.
7:09 of 2nd period - Shot by Tyler Kennedy.
7:09 of 2nd period - Shot Misses the Net.
7:24 of 2nd period - Icing by Brian Willsie.
7:25 of 2nd period - Wayne Primeau wins face-off versus Rob Niedermayer in Wild zone.
7:26 of 2nd period - Shot by Tobias Enstrom.
7:26 of 2nd period - Shot Misses the Net.
9:08 of 2nd period - Shot by Milan Hejduk.
9:08 of 2nd period - Shot Misses the Net.
9:10 of 2nd period - Shot by Christopher Higgins.
9:10 of 2nd period - Stopped by Cristobal Huet without a rebound.
9:11 of 2nd period - Stephane Yelle wins face-off versus Patrik Berglund in BlackHawks zone.
10:33 of 2nd period - Minor Penalty to Zenon Konopka for Hooking.
10:34 of 2nd period - Olli Jokinen wins face-off versus Ales Hemsky in BlackHawks zone.
11:20 of 2nd period - Icing by Daniel Alfredsson.
11:21 of 2nd period - Paul Kariya wins face-off versus Olli Jokinen in Wild zone.
11:22 of 2nd period - Shot by Cory Stillman.
11:22 of 2nd period - Stopped by Ilya Bryzgalov without a rebound.
11:23 of 2nd period - Joe Pavelski wins face-off versus Paul Kariya in Wild zone.
11:37 of 2nd period - Shot by Joe Pavelski.
11:37 of 2nd period - Stopped by Cristobal Huet without a rebound.
11:38 of 2nd period - Ales Hemsky wins face-off versus Daniel Alfredsson in BlackHawks zone.
11:59 of 2nd period - Shot by Christopher Higgins.
11:59 of 2nd period - Stopped by Cristobal Huet without a rebound.
12:00 of 2nd period - Ales Hemsky wins face-off versus Joe Pavelski in BlackHawks zone.
12:19 of 2nd period - Shot by Michal Rozsival.
12:19 of 2nd period - Shot Misses the Net.
12:21 of 2nd period - Shot by Michal Rozsival.
12:21 of 2nd period - Goal by Michal Rozsival - Wild : 2 - BlackHawks : 0.
12:22 of 2nd period - Wayne Primeau wins face-off versus Brian Willsie in neutral zone.
12:49 of 2nd period - Stephane Yelle is hit by Chris Neil and loses puck.
12:51 of 2nd period - Minor Penalty to Chris Neil for Interference.
12:52 of 2nd period - Ales Hemsky wins face-off versus Olli Jokinen in BlackHawks zone.
12:52 of 2nd period - Cory Stillman is hit by Christopher Higgins and loses puck.
16:22 of 2nd period - Icing by Joe Pavelski.
16:23 of 2nd period - Joe Pavelski wins face-off versus Zenon Konopka in Wild zone.
16:23 of 2nd period - Joe Pavelski is hit by Zenon Konopka.
16:28 of 2nd period - Michal Rozsival is hit by Adam Foote and loses puck.
17:08 of 2nd period - Minor Penalty to Stephane Yelle for Tripping.
17:09 of 2nd period - Chris Drury wins face-off versus Patrik Berglund in Wild zone.
17:21 of 2nd period - Shot by Hal Gill.
17:21 of 2nd period - Shot Misses the Net.
17:23 of 2nd period - Shot by Ron Hainsey.
17:23 of 2nd period - Shot Misses the Net.
17:25 of 2nd period - Shot by Ron Hainsey.
17:25 of 2nd period - Stopped by Ilya Bryzgalov with a rebound.
17:27 of 2nd period - Shot by Hal Gill.
17:27 of 2nd period - Stopped by Ilya Bryzgalov without a rebound.
17:28 of 2nd period - Chris Drury wins face-off versus Artem Anisimov in Wild zone.
17:39 of 2nd period - Shot by Ales Hemsky.
17:39 of 2nd period - Stopped by Ilya Bryzgalov without a rebound.
17:40 of 2nd period - Patrik Berglund wins face-off versus Rob Niedermayer in Wild zone.
17:53 of 2nd period - Daniel Alfredsson is hit by Chris Neil and loses puck.
18:25 of 2nd period - Shot by Ales Hemsky.
18:25 of 2nd period - Shot Blocked by Jan Hejda.
18:27 of 2nd period - Shot by Adam Foote.
18:27 of 2nd period - Shot Misses the Net.
18:54 of 2nd period - Off-side.
18:55 of 2nd period - Chris Drury wins face-off versus Patrik Berglund in neutral zone.
19:08 of 2nd period - Shot by Paul Kariya.
19:08 of 2nd period - Stopped by Ilya Bryzgalov with a rebound.
19:21 of 2nd period - Shot by Brian Willsie.
19:21 of 2nd period - Shot Misses the Net.
19:23 of 2nd period - Shot by Rob Niedermayer.
19:23 of 2nd period - Shot Misses the Net.

Period #3

0:01 of 3rd period - Ales Hemsky wins face-off versus Chris Drury in neutral zone.
0:23 of 3rd period - Icing by Mattias Ohlund.
0:24 of 3rd period - Joe Pavelski wins face-off versus Artem Anisimov in BlackHawks zone.
0:38 of 3rd period - Icing by Mattias Ohlund.
0:39 of 3rd period - Rob Niedermayer wins face-off versus Artem Anisimov in BlackHawks zone.
0:49 of 3rd period - Minor Penalty to Stephane Yelle for Hooking.
0:50 of 3rd period - Chris Drury wins face-off versus Patrik Berglund in Wild zone.
1:04 of 3rd period - Paul Kariya is hit by Michal Rozsival and loses puck.
1:07 of 3rd period - Shot by Hal Gill.
1:07 of 3rd period - Stopped by Ilya Bryzgalov with a rebound.
1:08 of 3rd period - Minor Penalty to Jan Hejda for Holding.
1:09 of 3rd period - Chris Drury wins face-off versus Artem Anisimov in Wild zone.
1:09 of 3rd period - Chris Drury is hit by David Booth.
1:16 of 3rd period - Icing by Mattias Ohlund.
1:17 of 3rd period - Chris Drury wins face-off versus Artem Anisimov in BlackHawks zone.
1:59 of 3rd period - Shot by Hal Gill.
1:59 of 3rd period - Shot Blocked by Ryan Whitney.
3:06 of 3rd period - Icing by Hal Gill.
3:07 of 3rd period - Rob Niedermayer wins face-off versus Patrik Berglund in BlackHawks zone.
3:13 of 3rd period - Minor Penalty to Daniel Alfredsson for Roughing.
3:14 of 3rd period - Christopher Higgins wins face-off versus Chris Neil in Wild zone.
3:25 of 3rd period - Shot by Paul Kariya.
3:25 of 3rd period - Stopped by Ilya Bryzgalov without a rebound.
3:26 of 3rd period - Chris Drury wins face-off versus Cory Stillman in Wild zone.
3:39 of 3rd period - Shot by Ales Hemsky.
3:39 of 3rd period - Shot Misses the Net.
4:33 of 3rd period - Shot by Ron Hainsey.
4:33 of 3rd period - Goal by Ron Hainsey - Wild : 2 - BlackHawks : 1.
4:34 of 3rd period - Joe Pavelski wins face-off versus Wayne Primeau in neutral zone.
5:39 of 3rd period - David Booth is hit by Rob Niedermayer and loses puck.
6:20 of 3rd period - Shot by Ales Hemsky.
6:20 of 3rd period - Stopped by Ilya Bryzgalov with a rebound.
6:24 of 3rd period - Shot by Artem Anisimov.
6:24 of 3rd period - Stopped by Ilya Bryzgalov with a rebound.
7:37 of 3rd period - Shot by Patrik Berglund.
7:37 of 3rd period - Shot Blocked by Jan Hejda.
7:45 of 3rd period - David Booth is hit by Daniel Alfredsson and loses puck.
8:22 of 3rd period - Icing by David Booth.
8:23 of 3rd period - Rob Niedermayer wins face-off versus Patrik Berglund in BlackHawks zone.
9:57 of 3rd period - Shot by Ales Hemsky.
9:57 of 3rd period - Stopped by Ilya Bryzgalov without a rebound.
9:58 of 3rd period - Rob Niedermayer wins face-off versus Wayne Primeau in Wild zone.
10:47 of 3rd period - Tobias Enstrom is hit by Christopher Higgins and loses puck.
11:00 of 3rd period - Shot by Milan Hejduk.
11:00 of 3rd period - Shot Misses the Net.
11:04 of 3rd period - Shot by Milan Hejduk.
11:04 of 3rd period - Stopped by Cristobal Huet without a rebound.
11:05 of 3rd period - Artem Anisimov wins face-off versus Joe Pavelski in BlackHawks zone.
11:24 of 3rd period - Shot by Ales Hemsky.
11:24 of 3rd period - Shot Misses the Net.
11:34 of 3rd period - Shot by Ales Hemsky.
11:34 of 3rd period - Stopped by Ilya Bryzgalov without a rebound.
11:35 of 3rd period - Patrik Berglund wins face-off versus Robert Lang in Wild zone.
12:42 of 3rd period - Shot by Brian Willsie.
12:42 of 3rd period - Stopped by Cristobal Huet without a rebound.
12:43 of 3rd period - Joe Pavelski wins face-off versus Artem Anisimov in BlackHawks zone.
14:24 of 3rd period - Shot by Chris Drury.
14:24 of 3rd period - Deflect By Martin St. Louis.
14:24 of 3rd period - Shot Misses the Net.
14:26 of 3rd period - Shot by Chris Drury.
14:26 of 3rd period - Shot Blocked by Wayne Primeau.
14:30 of 3rd period - Shot by Martin St. Louis.
14:30 of 3rd period - Stopped by Cristobal Huet without a rebound.
14:31 of 3rd period - Joe Pavelski wins face-off versus Patrik Berglund in BlackHawks zone.
14:47 of 3rd period - Shot by Patrik Berglund.
14:47 of 3rd period - Shot Misses the Net.
14:51 of 3rd period - Shot by Tyler Kennedy.
14:51 of 3rd period - Shot Misses the Net.
14:55 of 3rd period - Shot by Patrik Berglund.
14:55 of 3rd period - Shot Blocked by Christopher Higgins.
15:49 of 3rd period - Icing by Michal Rozsival.
15:50 of 3rd period - Joe Pavelski wins face-off versus Patrik Berglund in Wild zone.
16:10 of 3rd period - Minor Penalty to Aaron Ward for Hooking.
16:11 of 3rd period - Artem Anisimov wins face-off versus Chris Drury in Wild zone.
16:36 of 3rd period - Josh Bailey is hit by Daniel Alfredsson and loses puck.
17:26 of 3rd period - Icing by Ron Hainsey.
17:27 of 3rd period - Patrik Berglund wins face-off versus Rob Niedermayer in BlackHawks zone.
18:02 of 3rd period - Shot by Ales Hemsky.
18:02 of 3rd period - Shot Blocked by Rob Niedermayer.
18:04 of 3rd period - Shot by Mattias Ohlund.
18:04 of 3rd period - Stopped by Ilya Bryzgalov without a rebound.
18:05 of 3rd period - Chris Drury wins face-off versus Cory Stillman in Wild zone.
18:24 of 3rd period - Shot by Cory Stillman.
18:24 of 3rd period - Stopped by Ilya Bryzgalov without a rebound.
18:25 of 3rd period - Martin St. Louis wins face-off versus Cory Stillman in Wild zone.
18:52 of 3rd period - Shot by Martin St. Louis.
18:52 of 3rd period - Stopped by Cristobal Huet with a rebound.
18:54 of 3rd period - Shot by Martin St. Louis.
18:54 of 3rd period - Goal by Martin St. Louis - Wild : 3 - BlackHawks : 1.
18:55 of 3rd period - Chris Drury wins face-off versus Artem Anisimov in neutral zone.
19:10 of 3rd period - Shot by Daniel Alfredsson.
19:10 of 3rd period - Stopped by Cristobal Huet without a rebound.
19:11 of 3rd period - Chris Drury wins face-off versus Artem Anisimov in BlackHawks zone.


Output by the SimonT Hockey Simulator (STHS) for Stephane Roy -- Original Page W3C XHTML 1.0 Valid